[Event "Titled Tuesday Blitz November 15 Late 2022"]
[White "Koutlas, Nikolaos"]
[Black "Makridis, Dimitrios"]
[WhiteFideId "25827138"]
[BlackFideId "25864475"]
[WhiteElo "2167"]
[BlackElo "2272"]
[Result "0-1"]
[Round "05"]
[TimeControl "180+1"]
[Date "2022.11.16"]
[WhiteClock "0:00:06"]
[BlackClock "0:00:08"]

1. Nf3 d5 2. g3 Nf6 3. Bg2 c6 4. O-O Bf5 5. d3 Nbd7 6. Nbd2 e6 7. c4 Be7 8. Re1 O-O 9. e4 dxe4 10. dxe4 Bg6 11. e5 Ne8 12. Nb3 a5 13. a4 Nc7 14. Be3 Na6 15. Nxa5 Bb4 16. Nxb7 Qc7 17. Nd6 Bxe1 18. Qxe1 Rfb8 19. Bd4 Nb4 20. Nb5 cxb5 21. Qxb4 bxc4 22. Qd2 Be4 23. Bc3 Nc5 24. Qd4 Qc6 25. Qxc4 Qd5 26. Qxd5 Bxd5 27. Nd4 Bxg2 28. Kxg2 Nxa4 29. Nc6 Re8 30. Bd4 Nb6 31. Rc1 Nd5 32. b4 h5 33. Bc5 Ra3 34. Rb1 Nc3 35. Rb2 Nb5 36. Nd4 Nxd4 37. Bxd4 Rb8 38. Bc5 g6 39. Bd6 Rb5 40. Rc2 Kg7 41. Rc8 Rb3 42. Bf8+ Kh7 43. Be7 R3xb4 44. Bf6 Rb8 45. Rc7 R4b7 46. Rc4 Kg8 47. h4 Ra7 48. g4 Raa8 49. gxh5 gxh5 50. Rc3 Rb4 51. Rd3 Rg4+ 52. Kh3 Kh7 53. f3 Rg1 54. Rd7 Kg6 55. Rd2 Raa1 56. Bg5 Rh1+ 57. Kg3 Rag1+ 58. Kf4 Rd1 59. Rc2 Rd4+ 60. Ke3 Rhd1 61. Rc8 Kf5 62. Kf2 Rb1 63. Kg3 Rdd1 64. Rf8 Kg6 65. Rg8+ Kf5 66. Rf8 Kxe5 67. Rxf7 Rg1+ 68. Kf2 Rh1 69. Ke3 Rb3+ 70. Ke2 Rh2+ 71. Kd1 Rb1+ 72. Bc1 Rh1+ 73. Kc2 Rhxc1+ 74. Kd2 Kd5 75. Rd7+ Ke5 76. Rf7 Rh1 77. Ke3 Rb3+ 78. Kf2 Rh2+ 79. Kg3 Rc2 0-1


[Site "https://www.chess.com"]

[Event "Titled Tuesday Blitz November 15 Late 2022"]
[White "Leiva, Gianmarco"]
[Black "Santos Flores, Alberto"]
[WhiteFideId "3804399"]
[BlackFideId "3601234"]
[WhiteElo "2286"]
[BlackElo "2235"]
[Result "1/2-1/2"]
[Round "05"]
[TimeControl "180+1"]
[Date "2022.11.16"]
[WhiteClock "0:00:03"]
[BlackClock "0:00:10"]

1. e4 c5 2. Nf3 Nc6 3. Bb5 g6 4. O-O Bg7 5. Re1 Nf6 6. c3 O-O 7. d4 cxd4 8. cxd4 d5 9. e5 Ne4 10. Nc3 Nxc3 11. bxc3 Bg4 12. h3 Bxf3 13. Qxf3 e6 14. Rb1 Qd7 15. h4 a6 16. Bd3 Rac8 17. h5 Na5 18. h6 Bh8 19. Bd2 Nc4 20. Bg5 f6 21. exf6 Bxf6 22. Bxf6 Nd2 23. Qg4 Rxf6 24. Rb2 Nc4 25. Rbe2 Re8 26. Qg5 Rf7 27. Bxc4 dxc4 28. d5 Rfe7 29. Re5 b5 30. Qh4 Kf7 31. Qf4+ Kg8 32. Qe4 Kf7 33. Qf3+ Kg8 34. Qg4 Kf7 35. R1e3 Kg8 36. Rxe6 Rxe6 37. dxe6 Qd6 38. g3 Qf8 39. Qd4 Qxh6 40. Qd7 Qf8 41. e7 Qf7 42. Rf3 Qxe7 43. Qd5+ Qe6 44. Qb7 Qe1+ 45. Kg2 Qe4 46. Qf7+ Kh8 47. Kh2 Qe7 48. Qf4 Kg8 49. Qd4 Rf8 50. Qd5+ Kg7 51. Re3 Qf7 52. Qxf7+ Rxf7 53. Kg2 Rb7 54. Re6 a5 55. Ra6 b4 56. Rxa5 bxc3 57. Ra3 c2 58. Rc3 Rb2 59. a4 Ra2 60. Rxc4 Kf6 61. a5 Rxa5 62. Rxc2 Re5 63. Rc7 Re6 64. Rxh7 Ra6 65. Rh1 Ra3 66. Rh4 Kg7 67. Rd4 Rb3 68. Rd7+ Kf6 69. Kf1 Rb2 70. Rd6+ Kf7 71. Ke1 Ra2 72. Rd2 Ra3 73. Ke2 Rb3 74. Rd3 Rb4 75. Ke3 Ra4 76. Kf3 Rb4 77. Re3 Kf6 78. Re4 Rb3+ 79. Kg4 Rb2 80. Rf4+ Kg7 81. Kg5 Rb5+ 82. Kg4 Rb2 83. f3 Rb5 84. Re4 Kf6 85. f4 Ra5 86. Rc4 Rb5 87. Rc6+ Kf7 88. Kh4 Ra5 89. Rd6 Rb5 90. Rd7+ Kf6 91. Rd8 Ra5 92. Rf8+ Kg7 93. Re8 Kf6 94. Kg4 Rb5 95. Re5 Rb3 96. Rc5 Ra3 97. Kh4 Rb3 98. Rc6+ Kg7 99. Kg4 Rb5 100. Kf3 Kf7 101. Ke4 Ra5 102. Rc7+ Kf6 103. Rc6+ Kf7 104. Rd6 Ra3 105. g4 Ra5 106. Kf3 Ra3+ 107. Ke4 Ra5 108. Kf3 Ra3+ 109. Kf2 Rb3 110. Kg2 Ra3 111. Rd5 Kf6 112. Rd6+ Kf7 113. Rd7+ Kf6 114. Rd6+ Kf7 1/2-1/2


[Site "https://www.chess.com"]

[Event "Titled Tuesday Blitz November 15 Late 2022"]
[White "Liu, Kelsey"]
[Black "Winkels, Marcel"]
[WhiteFideId "30944481"]
[BlackFideId "1003887"]
[WhiteElo "2304"]
[BlackElo "1900"]
[Result "0-1"]
[Round "05"]
[TimeControl "180+1"]
[Date "2022.11.16"]
[WhiteClock "0:00:01"]
[BlackClock "0:01:18"]

1. e4 c5 2. Nf3 d6 3. Nc3 Nf6 4. e5 dxe5 5. Nxe5 Nbd7 6. d4 Nxe5 7. dxe5 Qxd1+ 8. Kxd1 Ng4 9. Bb5+ Bd7 10. e6 fxe6 11. Bxd7+ Kxd7 12. Ke2 g6 13. Rd1+ Kc6 14. f3 Nf6 15. Kf2 Nd5 16. Ne4 Bg7 17. c4 Nc7 18. Be3 b6 19. Rab1 Rad8 20. b3 h6 21. a4 a5 22. Ke2 Na6 23. Rd2 Kc7 24. Rbd1 Rxd2+ 25. Rxd2 Rd8 26. Bf4+ Kc8 27. Nf2 Nb4 28. Ng4 Rxd2+ 29. Kxd2 h5 30. Be5 hxg4 31. Bxg7 gxf3 32. gxf3 Nc6 33. Ke3 Kd7 34. Ke4 Kd6 35. f4 Nd8 36. Be5+ Kd7 37. Bb8 Nc6 38. Be5 Nb4 39. Bc3 Nc6 40. Be5 Nd8 41. h4 Nf7 42. Bb8 Nh6 43. Ba7 Kc6 44. Bb8 Kd7 45. Ke5 Nf5 46. Ba7 Kc7 47. Kxe6 Kb7 48. h5 Nd4+ 49. Ke5 gxh5 0-1


[Site "https://www.chess.com"]

[Event "Titled Tuesday Blitz November 15 Late 2022"]
[White "Madaminov, Mukhiddin"]
[Black "Kuzmicz, Krystian"]
[WhiteFideId "14210703"]
[BlackFideId "1119125"]
[WhiteElo "2341"]
[BlackElo "2380"]
[Result "1-0"]
[Round "05"]
[TimeControl "180+1"]
[Date "2022.11.15"]
[WhiteClock "0:01:29"]
[BlackClock "0:01:12"]

1. d4 g6 2. Nc3 Bg7 3. e4 a6 4. a4 d6 5. Bc4 Nf6 6. h3 O-O 7. Nf3 c6 8. O-O Nxe4 9. Nxe4 d5 10. Bd3 dxe4 11. Bxe4 Nd7 12. c3 e5 13. dxe5 Nxe5 14. a5 Qxd1 15. Rxd1 Nxf3+ 16. Bxf3 Be6 17. Be3 Rfd8 18. Bb6 Rxd1+ 19. Rxd1 Bf6 20. Kf1 Kf8 21. Ke2 Ke8 22. Ke3 Bg5+ 23. Kd4 Bf6+ 24. Kd3 Bd8 25. Bxd8 Rxd8+ 26. Ke3 Rxd1 27. Bxd1 Ke7 28. Kd4 Kd6 29. b4 f6 30. h4 h6 31. f4 Bf5 32. Bb3 g5 33. hxg5 fxg5 34. fxg5 hxg5 35. Bg8 Bb1 36. g3 Bc2 37. c4 Bb1 38. c5+ Ke7 39. Ke5 Bc2 40. Be6 Bd3 41. Bc8 Kd8 42. Bf5 1-0


[Site "https://www.chess.com"]

[Event "Titled Tuesday Blitz November 15 Late 2022"]
[White "Martinez Reyes, Pedro Ramon"]
[Black "Yoo, Christopher Woojin"]
[WhiteFideId "3901807"]
[BlackFideId "30909694"]
[WhiteElo "2354"]
[BlackElo "2463"]
[Result "0-1"]
[Round "05"]
[TimeControl "180+1"]
[Date "2022.11.16"]
[WhiteClock "0:00:06"]
[BlackClock "0:00:37"]

1. b3 Nf6 2. Bb2 e6 3. e3 b6 4. Nf3 Bb7 5. Be2 Be7 6. O-O O-O 7. c4 d5 8. d4 Nbd7 9. Nc3 c5 10. Rc1 Rc8 11. h3 a6 12. cxd5 exd5 13. Qc2 b5 14. dxc5 Nxc5 15. Qf5 g6 16. Qf4 Nh5 17. Qh6 Bf6 18. Rfd1 Ne6 19. e4 Nef4 20. Nxd5 Nxe2+ 21. Kh1 Bxd5 22. Ng5 Bxg5 23. Rxc8 Bxh6 24. Rxd8 Rxd8 25. exd5 b4 26. g3 Nc3 27. Rd3 Rxd5 0-1


[Site "https://www.chess.com"]

[Event "Titled Tuesday Blitz November 15 Late 2022"]
[White "Melian, Juan Sebastian"]
[Black "Huber, Benedikt"]
[WhiteFideId "3706575"]
[BlackFideId "12923583"]
[WhiteElo "2044"]
[BlackElo "2199"]
[Result "0-1"]
[Round "05"]
[TimeControl "180+1"]
[Date "2022.11.16"]
[WhiteClock "0:00:02"]
[BlackClock "0:00:49"]

1. d4 e6 2. c4 f5 3. Nc3 Nf6 4. Qc2 Bb4 5. e3 O-O 6. Bd3 b6 7. Ne2 Bb7 8. O-O Bxc3 9. bxc3 d6 10. f3 Nbd7 11. e4 fxe4 12. fxe4 e5 13. Bg5 Qe8 14. Ng3 Qg6 15. Bxf6 Nxf6 16. Rf3 c5 17. Nf5 Qe8 18. Nxd6 Qc6 19. dxe5 Nd7 20. Nf5 Rae8 21. Rg3 g6 22. h4 Nxe5 23. h5 Nxd3 24. Qxd3 Qxe4 25. hxg6 Qxd3 26. gxh7+ Kh8 27. Rxd3 Be4 28. Rd7 Rxf5 29. Rxa7 Rg5 30. Rf7 Rxg2+ 31. Kf1 Rh2 32. Rd1 Rh1+ 33. Ke2 Bg6+ 34. Kf2 Rxd1 35. Rf6 0-1


[Site "https://www.chess.com"]

[Event "Titled Tuesday Blitz November 15 Late 2022"]
[White "Melikhov, Evgeny V."]
[Black "Garcia Ramos, Daniel"]
[WhiteFideId "4122046"]
[BlackFideId "32010311"]
[WhiteElo "2169"]
[BlackElo "2357"]
[Result "0-1"]
[Round "05"]
[TimeControl "180+1"]
[Date "2022.11.16"]
[WhiteClock "0:00:05"]
[BlackClock "0:01:41"]

1. d4 d5 2. c4 e6 3. Nc3 Nf6 4. cxd5 exd5 5. Bg5 c6 6. Qc2 h6 7. Bh4 Be7 8. e3 O-O 9. Bd3 Re8 10. Nf3 Ne4 11. Bxe4 Bxh4 12. Bh7+ Kh8 13. Nxh4 Qxh4 14. O-O-O g6 15. Bxg6 fxg6 16. Qxg6 Re6 17. Qf7 Qe7 18. Qxe7 Rxe7 19. h3 Bf5 20. g4 Bh7 21. Ne2 Nd7 22. Nf4 Nf6 23. Kd2 Rf8 24. f3 Ne8 25. h4 Nd6 26. b3 Nb5 27. Nd3 Bxd3 28. Kxd3 Rxf3 29. Rde1 Re4 30. g5 h5 31. Rhf1 Nxd4 32. Rxf3 Nxf3 33. Rf1 Nxh4 34. Rf7 Ng2 35. Rxb7 Rxe3+ 36. Kd4 Rg3 37. Ke5 Rxg5+ 38. Kf6 Rg4 39. Rb8+ Kh7 40. Rb7+ Kh6 41. Rb8 Rf4+ 42. Ke5 Kg7 43. Rb7+ Rf7 44. Rb4 Nf4 45. Rxf4 Rxf4 46. Kxf4 Kf6 0-1


[Site "https://www.chess.com"]

[Event "Titled Tuesday Blitz November 15 Late 2022"]
[White "Mendonca, Mateus Nakajo"]
[Black "Aguilar, Juan"]
[WhiteFideId "2110954"]
[BlackFideId "3800091"]
[WhiteElo "2310"]
[BlackElo "2438"]
[Result "0-1"]
[Round "05"]
[TimeControl "180+1"]
[Date "2022.11.16"]
[WhiteClock "0:00:03"]
[BlackClock "0:00:33"]

1. d4 Nf6 2. Nf3 g6 3. g3 Bg7 4. Bg2 d6 5. O-O O-O 6. b3 Nc6 7. Bb2 Bf5 8. c4 Qd7 9. Re1 Bh3 10. Bh1 Rad8 11. Nbd2 e5 12. d5 Ne7 13. Ng5 h6 14. Nxh3 Qxh3 15. Bg2 Qd7 16. e4 Nh7 17. Qc2 f5 18. exf5 gxf5 19. c5 f4 20. Rac1 Ng5 21. cxd6 cxd6 22. Qc7 fxg3 23. fxg3 Nf5 24. h4 Nh7 25. Ne4 Nf6 26. Qxd7 Rxd7 27. Nxf6+ Rxf6 28. Rc8+ Rf8 29. Rxf8+ Bxf8 30. Bh3 Rf7 31. Kg2 Kg7 32. Bc1 Nd4 33. Bg4 Be7 34. Bd2 Bd8 35. Rc1 Bb6 36. Bb4 Rf6 37. Rf1 Nc2 38. Rxf6 Kxf6 39. Bxd6 Ne3+ 40. Kh3 Nxd5 41. Bf3 Nc3 42. a4 e4 43. Bb4 exf3 44. Bxc3+ Kf5 45. Bd2 h5 46. Kh2 Ke4 47. g4 Bc7+ 48. Kh3 hxg4+ 49. Kxg4 f2 0-1


[Site "https://www.chess.com"]

[Event "Titled Tuesday Blitz November 15 Late 2022"]
[White "Mgeladze, Tamaz"]
[Black "Hansen, Eric"]
[WhiteFideId "13601202"]
[BlackFideId "2606771"]
[WhiteElo "2288"]
[BlackElo "2568"]
[Result "1-0"]
[Round "05"]
[TimeControl "180+1"]
[Date "2022.11.15"]
[WhiteClock "0:00:02"]
[BlackClock "0:00:01"]

1. c4 Nf6 2. Nc3 e5 3. g3 Bb4 4. Qb3 Nc6 5. Bg2 Nd4 6. Qd1 Bxc3 7. bxc3 Ne6 8. d4 d6 9. Rb1 O-O 10. Nf3 Nd7 11. O-O f6 12. c5 Re8 13. cxd6 cxd6 14. dxe5 dxe5 15. Be3 Qc7 16. Qb3 Kh8 17. Rfd1 Ndc5 18. Qc4 b5 19. Qxb5 Ba6 20. Qb2 Rac8 21. Qc2 Bc4 22. Rb4 Na6 23. Rb2 Nec5 24. h4 h5 25. Qf5 Qf7 26. Rbd2 Be6 27. Qc2 Rc7 28. Kh2 Bg4 29. Kg1 Rcc8 30. Nh2 Be6 31. Be4 Nxe4 32. Qxe4 Rxc3 33. Nf3 Rc4 34. Qb1 Nb4 35. a3 Nd5 36. Qb5 Nxe3 37. fxe3 Rcc8 38. Kf2 Rb8 39. Qc6 Rec8 40. Qa4 Bg4 41. Rd6 Bf5 42. Qa6 Re8 43. Qa5 Kg8 44. Rd8 Qe7 45. Rxb8 Rxb8 46. Qd5+ Be6 47. Qc6 Rc8 48. Qd6 Kf7 49. Qxe7+ Kxe7 50. Rb1 Rc7 51. Rb8 Bd5 52. Nd2 Rc3 53. Rb5 1-0


[Site "https://www.chess.com"]

[Event "Titled Tuesday Blitz November 15 Late 2022"]
[White "Mickiewicz, Piotr"]
[Black "Przybylski, Wojciech"]
[WhiteFideId "1114891"]
[BlackFideId "1117599"]
[WhiteElo "2246"]
[BlackElo "2221"]
[Result "1-0"]
[Round "05"]
[TimeControl "180+1"]
[Date "2022.11.16"]
[WhiteClock "0:00:21"]
[BlackClock "0:00:04"]

1. e4 c5 2. Nf3 e6 3. c3 Nf6 4. e5 Nd5 5. d4 cxd4 6. cxd4 d6 7. a3 Be7 8. Bd3 O-O 9. O-O b6 10. Qe2 Bb7 11. Qe4 g6 12. Bh6 Re8 13. Nbd2 Nd7 14. Qg4 dxe5 15. dxe5 a6 16. Rad1 Qc7 17. Rfe1 Rad8 18. h4 Nc5 19. Bb1 Qc6 20. h5 Qa4 21. b4 Kh8 22. hxg6 fxg6 23. Ng5 Nc3 24. Nf7+ Kg8 25. Bxg6 Ne2+ 26. Kh2 Ne4 27. Bxh7+ 1-0


[Site "https://www.chess.com"]

[Event "Titled Tuesday Blitz November 15 Late 2022"]
[White "Milosevic, Milos"]
[Black "Taspinar, Yanki"]
[WhiteFideId "964875"]
[BlackFideId "34561188"]
[WhiteElo "2321"]
[BlackElo "2225"]
[Result "0-1"]
[Round "05"]
[TimeControl "180+1"]
[Date "2022.11.16"]
[WhiteClock "0:00:15"]
[BlackClock "0:00:04"]

1. e4 e6 2. d4 d5 3. Nc3 Bb4 4. e5 c5 5. a3 Bxc3+ 6. bxc3 Ne7 7. Qg4 Qc7 8. Bd3 cxd4 9. Ne2 dxc3 10. Qxg7 Rg8 11. Qxh7 Nbc6 12. Bf4 Bd7 13. Bg3 O-O-O 14. Qxf7 Rdf8 15. Qh5 Nf5 16. Bxf5 Rxf5 17. Qh6 Nxe5 18. Qe3 Qb6 19. Qxb6 axb6 20. Nxc3 Nc4 21. a4 Bc6 22. O-O d4 23. Nb5 e5 24. Rfb1 Kd7 25. Rb4 Bd5 26. Na3 Nxa3 27. Rxa3 Kc6 28. h4 Ra8 29. Ra1 Ra6 30. Re1 Kc5 31. Rb5+ Kc4 32. Bxe5 Bc6 33. Rb3 Rxa4 34. Rd3 Kd5 35. g4 Rxe5 36. Rxe5+ Kxe5 37. h5 Kf4 38. h6 Ra1+ 39. Kh2 Rh1# 0-1


[Site "https://www.chess.com"]

[Event "Titled Tuesday Blitz November 15 Late 2022"]
[White "Mirzoev, Azer"]
[Black "Forgacs, Attila Jr."]
[WhiteFideId "13400304"]
[BlackFideId "773654"]
[WhiteElo "2525"]
[BlackElo "2168"]
[Result "0-1"]
[Round "05"]
[TimeControl "180+1"]
[Date "2022.11.16"]
[WhiteClock "0:01:16"]
[BlackClock "0:00:35"]

1. c4 e5 2. Nc3 d6 3. e3 g6 4. d4 Nd7 5. Nf3 Bg7 6. Be2 f5 7. b4 Ngf6 8. Qb3 e4 9. Nd2 O-O 10. c5+ Kh8 11. cxd6 cxd6 12. b5 Nb6 13. a4 Qe7 14. a5 Be6 15. Qb4 Nbd5 16. Nxd5 Nxd5 17. Qa3 Rfc8 18. g3 Rc3 19. Qa4 Rac8 20. O-O g5 21. Rd1 f4 22. exf4 e3 23. Ne4 exf2+ 24. Kxf2 gxf4 25. Bd2 fxg3+ 26. hxg3 Rc2 27. Kg1 Bf5 28. Bd3 Bxe4 29. Re1 Rxd2 30. Bxe4 Qg5 31. Ra3 Nc3 32. Rxc3 Rxc3 0-1


[Site "https://www.chess.com"]

[Event "Titled Tuesday Blitz November 15 Late 2022"]
[White "Miszler, Levente"]
[Black "Burke, Paul"]
[WhiteFideId "763276"]
[BlackFideId "2605767"]
[WhiteElo "2176"]
[BlackElo "1816"]
[Result "1-0"]
[Round "05"]
[TimeControl "180+1"]
[Date "2022.11.16"]
[WhiteClock "0:00:42"]
[BlackClock "0:00:09"]

1. e4 e5 2. Nf3 Nc6 3. Bc4 Be7 4. O-O Nf6 5. d3 O-O 6. Nc3 d6 7. a3 Bg4 8. h3 Bh5 9. Be3 Nd4 10. Bxd4 exd4 11. Nd5 Nxd5 12. Bxd5 c6 13. Bb3 Bf6 14. g4 Bg6 15. Ne1 h6 16. f4 d5 17. e5 Be7 18. Qf3 Qc7 19. Ng2 f5 20. Rae1 Rae8 21. Qf2 b6 22. Kh2 Kh8 23. Nh4 Bh7 24. Qg3 Bxh4 25. Qxh4 Qe7 26. g5 a5 27. c3 dxc3 28. bxc3 Rd8 29. d4 Rde8 30. Bc2 Rd8 31. Rb1 Rb8 32. Qh5 Qf7 33. Qxf7 Rxf7 34. h4 hxg5 35. hxg5 Bg6 36. Kg3 Kg8 37. Rh1 Rff8 38. a4 Kf7 39. Bd3 Ke7 40. Rb2 Rb7 41. Rhb1 Rfb8 42. Ba6 Ra7 43. Rxb6 Rxb6 44. Rxb6 Bh5 45. Rxc6 g6 46. Bb5 1-0


[Site "https://www.chess.com"]

[Event "Titled Tuesday Blitz November 15 Late 2022"]
[White "Molenda, Marcin"]
[Black "Szente Varga, Fruzsina"]
[WhiteFideId "1173065"]
[BlackFideId "712264"]
[WhiteElo "2281"]
[BlackElo "1994"]
[Result "1-0"]
[Round "05"]
[TimeControl "180+1"]
[Date "2022.11.16"]
[WhiteClock "0:01:28"]
[BlackClock "0:00:13"]

1. d4 Nf6 2. c4 g6 3. Nc3 Bg7 4. e4 d6 5. f4 O-O 6. Nf3 c5 7. d5 e6 8. Be2 exd5 9. cxd5 Re8 10. e5 dxe5 11. fxe5 Ng4 12. e6 fxe6 13. d6 Nc6 14. O-O Nd4 15. Ne4 b6 16. Bg5 Qd7 17. Nxd4 Bxd4+ 18. Qxd4 cxd4 19. Bxg4 Qb5 20. Nf6+ Kf7 21. Rac1 Bd7 22. Rc7 Red8 23. Nxd7+ Kg7 24. Nf6+ Kf8 25. Nxh7+ Ke8 26. Rf8# 1-0


[Site "https://www.chess.com"]

[Event "Titled Tuesday Blitz November 15 Late 2022"]
[White "Naroditsky, Daniel"]
[Black "Pultinevicius, Paulius"]
[WhiteFideId "2026961"]
[BlackFideId "12809390"]
[WhiteElo "2628"]
[BlackElo "2493"]
[Result "0-1"]
[Round "05"]
[TimeControl "180+1"]
[Date "2022.11.15"]
[WhiteClock "0:00:02"]
[BlackClock "0:00:10"]

1. e4 c6 2. Ne2 d5 3. e5 d4 4. Nf4 Qc7 5. Nd3 Bf5 6. f4 e6 7. Be2 c5 8. b3 Nc6 9. O-O Nge7 10. a4 Nd5 11. Na3 Be7 12. Nc4 O-O 13. Qe1 Ncb4 14. Qd1 Nxd3 15. cxd3 h6 16. Ba3 b6 17. Rc1 Qd7 18. Qe1 Rab8 19. g4 Bh7 20. Qg3 a6 21. g5 hxg5 22. fxg5 b5 23. Nd6 Bxd6 24. exd6 b4 25. Bb2 Rfc8 26. h4 Rb6 27. h5 Bf5 28. Qe5 f6 29. Qg3 Kh7 30. Rf2 e5 31. Rcf1 Nf4 32. Rxf4 exf4 33. Rxf4 Re8 34. Bf3 Qxd6 35. Kf2 Qe5 36. Rxf5 Qxf5 37. g6+ Kh8 38. h6 Rbe6 39. hxg7+ Kxg7 40. Kg1 Re1+ 41. Kg2 R8e2+ 42. Bxe2 Rxe2+ 43. Kg1 Qxg6 44. Qxg6+ Kxg6 0-1


[Site "https://www.chess.com"]

[Event "Titled Tuesday Blitz November 15 Late 2022"]
[White "Nasuta, Grzegorz"]
[Black "Mikhalsky, Vladimir"]
[WhiteFideId "1141686"]
[BlackFideId "14144352"]
[WhiteElo "2440"]
[BlackElo "2271"]
[Result "1-0"]
[Round "05"]
[TimeControl "180+1"]
[Date "2022.11.16"]
[WhiteClock "0:01:15"]
[BlackClock "0:00:06"]

1. e4 c5 2. Nf3 Nc6 3. Bb5 g6 4. Bxc6 dxc6 5. d3 Bg7 6. h3 e5 7. Be3 b6 8. a4 a5 9. Na3 Be6 10. O-O Ne7 11. Nd2 O-O 12. Nac4 b5 13. Na3 c4 14. dxc4 b4 15. Nab1 f5 16. Qe2 Rf7 17. Bc5 Nc8 18. Nb3 Nb6 19. N1d2 Nd7 20. Bd6 Bf8 21. Bxf8 Qxf8 22. Nf3 fxe4 23. Ng5 Rf6 24. Nxe6 Rxe6 25. Qxe4 Nf6 26. Qe3 Nh5 27. Nc5 Re7 28. g3 Qf5 29. g4 Qxc2 30. gxh5 gxh5 31. Kh2 Rg7 32. Rg1 Ra7 33. Ne6 Rxg1 34. Rxg1+ Kf7 35. Ng5+ Ke8 36. Qxa7 Qxf2+ 37. Qxf2 1-0


[Site "https://www.chess.com"]

[Event "Titled Tuesday Blitz November 15 Late 2022"]
[White "Onslow, Alfie"]
[Black "Saveliev, Alexei"]
[WhiteFideId "436976"]
[BlackFideId "24128546"]
[WhiteElo "2015"]
[BlackElo "2290"]
[Result "0-1"]
[Round "05"]
[TimeControl "180+1"]
[Date "2022.11.16"]
[WhiteClock "0:01:46"]
[BlackClock "0:02:28"]

1. e4 g6 2. d4 Bg7 3. Nf3 d6 4. Bc4 Nc6 5. c3 Nf6 6. Qe2 Bg4 7. Nbd2 O-O 8. Bb3 e5 9. h3 Bxf3 10. Nxf3 exd4 11. cxd4 Nxe4 12. O-O d5 13. Be3 Ne7 14. Rac1 c6 15. Ne5 Nf5 16. Rfd1 Re8 17. Nd3 Nxd4 0-1


[Site "https://www.chess.com"]

[Event "Titled Tuesday Blitz November 15 Late 2022"]
[White "Pein, Jonathan"]
[Black "Quirke, Jeffrey"]
[WhiteFideId "417092"]
[BlackFideId "2013029"]
[WhiteElo "2227"]
[BlackElo "2209"]
[Result "0-1"]
[Round "05"]
[TimeControl "180+1"]
[Date "2022.11.16"]
[WhiteClock "0:00:29"]
[BlackClock "0:00:11"]

1. e4 c5 2. Nf3 Nc6 3. d4 cxd4 4. Nxd4 Nf6 5. Nc3 d6 6. Nb3 e5 7. f4 Be7 8. Be2 O-O 9. O-O a6 10. Be3 b5 11. Nd5 exf4 12. Nxe7+ Qxe7 13. Bxf4 Ne5 14. Bg5 Qa7+ 15. Kh1 Nxe4 16. Bh4 Bb7 17. Bd3 Nxd3 18. cxd3 Nc5 19. Qg4 Nxb3 20. Bf6 g6 21. axb3 Qe3 22. Rae1 h5 23. Qd7 Qb6 24. Bc3 Qc6 25. Qh3 Rfe8 26. Qg3 Rxe1 27. Rxe1 Re8 28. Rf1 Qd5 29. h4 Kh7 30. Rf2 Re7 31. Qf4 Qe6 32. Bd2 Kg8 33. Qh6 Qg4 34. Qf4 Qxf4 35. Bxf4 Re6 36. Rc2 Bd5 37. b4 Kh7 38. Kg1 f6 39. Kf2 g5 40. hxg5 fxg5 41. Bxg5 Rg6 42. Bf4 Rxg2+ 43. Ke3 Rxc2 44. Bxd6 Rxb2 45. Kd4 Rb3 46. Bc5 Be6 47. Ke3 Bf7 48. Kf4 Rb1 49. d4 h4 50. Kg4 Rh1 51. d5 Bxd5 52. Be3 Bc4 53. Bf4 Kg6 54. Bg3 Kf7 55. Bxh4 Rxh4+ 56. Kxh4 Ke6 57. Kg4 Kd5 58. Kf4 Kd4 59. Kf3 Kc3 60. Kf2 Kxb4 61. Ke3 Kb3 62. Kd2 a5 63. Kc1 a4 64. Kb1 a3 65. Ka1 b4 66. Kb1 Ka4 67. Ka1 b3 68. Kb1 Kb4 69. Ka1 Bd5 70. Kb1 Be4+ 71. Ka1 b2+ 72. Ka2 b1=Q# 0-1


[Site "https://www.chess.com"]

[Event "Titled Tuesday Blitz November 15 Late 2022"]
[White "Petrovic, Aleksa"]
[Black "Garcia Pantoja, Roberto"]
[WhiteFideId "967629"]
[BlackFideId "3509265"]
[WhiteElo "2224"]
[BlackElo "2524"]
[Result "1/2-1/2"]
[Round "05"]
[TimeControl "180+1"]
[Date "2022.11.16"]
[WhiteClock "0:00:06"]
[BlackClock "0:00:11"]

1. d4 Nf6 2. c4 g6 3. Nc3 Bg7 4. e4 O-O 5. Be2 d6 6. Nf3 e5 7. O-O Nc6 8. d5 Ne7 9. b4 a5 10. Ba3 axb4 11. Bxb4 b6 12. a4 Re8 13. Qd3 Bf8 14. Nb5 Nd7 15. a5 Nc5 16. Qc2 c6 17. Nxd6 Qxd6 18. axb6 Rxa1 19. Rxa1 Bb7 20. Ra5 cxd5 21. Bxc5 Qf6 22. cxd5 Rc8 23. Qd1 Nxd5 24. Bxf8 Nc3 25. Qd6 Nxe2+ 26. Kf1 Qf4 27. Kxe2 Qxe4+ 28. Kd1 Qc2+ 29. Ke1 Bxf3 30. gxf3 Rxf8 31. Rxe5 Qb1+ 32. Ke2 Rc8 33. Ke3 Qc1+ 34. Ke4 Qc4+ 35. Qd4 Qc6+ 36. Kf4 Rb8 37. Kg3 Rxb6 38. Re8+ Qxe8 39. Qxb6 Qe5+ 40. Kg2 Qg5+ 41. Kh1 Qf4 42. Kg2 h5 43. Qd8+ Kg7 44. Qd3 Qg5+ 45. Kh1 h4 46. h3 Qf4 47. Kg2 Kf6 48. Qc3+ Qe5 49. Qc6+ Kg5 50. Qc1+ Qf4 51. Qc5+ Kh6 52. Qf8+ Kh7 53. Qe7 Kg7 54. Qd8 Qf6 55. Qd7 Qg5+ 56. Qg4 Qxg4+ 57. fxg4 Kf6 58. f4 Ke6 59. Kf3 Kd5 60. Ke3 f5 61. gxf5 gxf5 62. Kd3 Kc5 63. Kc3 Kd5 64. Kd3 Kc5 65. Kc3 Kd5 66. Kd3 1/2-1/2


[Site "https://www.chess.com"]

[Event "Titled Tuesday Blitz November 15 Late 2022"]
[White "Phillips, Rene"]
[Black "Shapiro, Daniel"]
[WhiteFideId "2056275"]
[BlackFideId "2001780"]
[WhiteElo "1993"]
[BlackElo "2314"]
[Result "0-1"]
[Round "05"]
[TimeControl "180+1"]
[Date "2022.11.16"]
[WhiteClock "0:00:02"]
[BlackClock "0:00:12"]

1. Nf3 Nf6 2. d4 b6 3. Bf4 Bb7 4. e3 e6 5. Nbd2 d6 6. c3 Nbd7 7. Bd3 Qe7 8. h3 e5 9. dxe5 dxe5 10. Bg5 e4 11. Nxe4 Bxe4 12. Bxe4 Qxe4 13. O-O Bd6 14. Nd2 Qg6 15. Qf3 O-O 16. Bf4 Qc2 17. Bxd6 cxd6 18. Nc4 d5 19. Rac1 Qe4 20. Nd2 Qxf3 21. Nxf3 Nc5 22. Rfd1 Rfd8 23. Ne5 Rac8 24. f3 Re8 25. Nd3 Rxe3 26. Nb4 Re2 27. Rb1 Na4 28. Nd3 g6 29. Kf1 Rc2 30. Rdc1 Rxc1+ 31. Nxc1 Re8 32. Nd3 Nc5 33. Nb4 a5 34. Nc6 Nh5 35. Kf2 Nf4 36. Nd4 Kg7 37. b4 axb4 38. cxb4 Ncd3+ 39. Kf1 Ra8 40. g3 Nxh3 41. Ke2 Ne5 42. f4 Rxa2+ 43. Ke3 Nc4+ 44. Kd3 Nf2+ 45. Kc3 Ne4+ 46. Kb3 Ra3+ 47. Kc2 Rxg3 48. Ne2 Na3+ 0-1


[Site "https://www.chess.com"]

[Event "Titled Tuesday Blitz November 15 Late 2022"]
[White "Pino Perez, Lazaro"]
[Black "Sonnenschein, Philipp"]
[WhiteFideId "3517055"]
[BlackFideId "16250877"]
[WhiteElo "2170"]
[BlackElo "2225"]
[Result "0-1"]
[Round "05"]
[TimeControl "180+1"]
[Date "2022.11.16"]
[WhiteClock "0:00:06"]
[BlackClock "0:00:03"]

1. d4 Nf6 2. Bf4 g6 3. e3 Bg7 4. Nf3 Nh5 5. Be5 f6 6. Bg3 Nxg3 7. hxg3 O-O 8. e4 c5 9. dxc5 Na6 10. Bxa6 Qa5+ 11. Nc3 Qxa6 12. Qd5+ e6 13. Qd6 Qxd6 14. cxd6 b6 15. O-O-O Bb7 16. Rhe1 Rac8 17. Nb5 Rc5 18. Nbd4 Rfc8 19. c3 e5 20. Nb3 R5c6 21. Rd3 Re8 22. Red1 Re6 23. Nh2 Bf8 24. f3 Rcxd6 25. Rxd6 Rxd6 26. Rxd6 Bxd6 27. Kd2 a5 28. Nc1 Ba6 29. Ng4 Kf7 30. Ne3 Ke6 31. Nd5 b5 32. a3 Bb7 33. Ne3 f5 34. Kd3 fxe4+ 35. fxe4 Bc5 36. Nb3 Bb6 37. Nd2 Kf6 38. Nf3 d6 39. Ng4+ Ke6 40. Ng5+ Ke7 41. Nxh7 Bc8 42. Ne3 Be6 43. Ng5 Bg8 44. Nf3 Kf6 45. Nd5+ Bxd5 46. exd5 Kf5 47. Nh4+ Kf6 48. Ke4 Bf2 49. Nf3 Bxg3 50. Nd2 Bf4 51. Nb3 a4 52. Na1 Bc1 53. Nc2 Bxb2 54. Kd3 Kf5 55. c4 bxc4+ 56. Kxc4 Ke4 57. Ne1 Bxa3 0-1


[Site "https://www.chess.com"]